 Dungeon Crawl Stone Soup version 0.15-a0-23-gfd8676b (webtiles) character file.

188 Kae the Firebug (level 4, -8/24 HPs)
             Began as a Tengu Fire Elementalist on Mar 31, 2014.
             Mangled by an ogre
             ... wielding a +0,+0 giant spiked club
              (32 damage)
             ... on Level 3 of the Dungeon.
             The game lasted 00:03:20 (3219 turns).

Kae the Firebug (Tengu Fire Elementalist)           Turns: 3219, Time: 00:03:20

HP  -8/24        AC  5     Str  9      XL: 4   Next: 92%
MP   9/9         EV 12     Int 16      God:
Gold 77          SH  0     Dex 14      Spells:  1 memorised,  7 levels left

rFire  . . .     SeeInvis .     (no weapon)
rCold  . . .     Clarity  .     a - +0 robe
rNeg   . . .     Conserve .     (no shield)
rPois  .         rCorr    .     (helmet restricted)
rElec  .         rRot     .     j - +0 cloak
SustAb . .       Spirit   .     v - +1 pair of gloves
rMut   .         Warding  .     (boots unavailable)
Saprov . . .     Stasis   .     (no amulet)
MR     .....                    (no ring)
                                (no ring)

@: not resistant to hostile enchantments, fairly stealthy
A: beak, talons 3
a: no special abilities


You were on level 3 of the Dungeon.
You were not hungry.

You visited 1 branch of the dungeon, and saw 3 of its levels.

You collected 77 gold pieces.

Inventory:

Armour
 a - a +0 robe (worn)
 j - a +0 cloak (worn)
 v - a +1 pair of gloves (worn)
Magical devices
 r - a wand of confusion (15) {unknown}
Comestibles
 c - 4 bread rations
 i - a choko
 n - a sausage
 q - 2 meat rations
Scrolls
 e - a scroll of identify
 h - 2 scrolls of teleportation
 m - a scroll of random uselessness {unknown}
 s - a scroll of enchant weapon II {unknown}
Jewellery
 l - a +4 ring of intelligence {unknown}
Potions
 f - 3 potions of curing
 g - a potion of confusion {unknown}
 k - a potion of magic {unknown}
 o - 2 potions of agility {unknown}
 p - a potion of paralysis {unknown}
 t - a potion of restore abilities {unknown}
 u - a potion of resistance {unknown}
Books
 b - a book of Flames

   Spells                             Type                      Level
   *Flame Tongue                      Conjuration/Fire             1
   Throw Flame                        Conjuration/Fire             2
   Conjure Flame                      Conjuration/Fire             3
   Inner Flame                        Hexes/Fire                   3
   Sticky Flame                       Conjuration/Fire             4
   Fireball                           Conjuration/Fire             5


   Skills:
 - Level 2.1 Dodging
 - Level 2.0 Stealth
 + Level 2.5 Spellcasting
 * Level 4.0 Conjurations
 * Level 4.5 Fire Magic


You had 7 spell levels left.
You knew the following spells:

 Your Spells              Type           Power        Failure   Level  Hunger
a - Flame Tongue          Conj/Fire      ###..        4%          1    #......


Dungeon Overview and Level Annotations

Branches:
Dungeon (3/15)

Altars:
Elyvilon
The Shining One


Innate Abilities, Weirdness & Mutations

You have a beak for a mouth.
You have claws for feet.


Message History

An ogre is nearby!
You spend a moment contemplating the meaning of life.
An ogre is nearby!
You spend a moment contemplating the meaning of life.
An ogre is nearby!
There is an open door here.
Read which item? (? for menu, Esc to quit)
As you read the scroll labeled GHU HEENTYS, it crumbles to dust.
It is a scroll of enchant armour.
Enchant which item? (? for menu, Esc to quit)
As you read the scroll labeled GHU HEENTYS, it crumbles to dust.
Your cursed +0 pair of gloves glows green for a moment.
Read which item? (? for menu, Esc to quit)
As you read the scroll labeled NYHEFF HYELESO, it crumbles to dust.
It is a scroll of identify.
Identify which item? (\ to view known items) (? for menu, Esc to quit)
h - 2 scrolls of teleportation The ogre hits you with a giant spiked club!
Ouch! That really hurt!
You die...

#####.######
##'###
####.# #.###
#....# #....
#.#### ####.
#.# ## #.#
####
####'#####
#...
#........#
+...
#...@....#
#...
#...O.!..#
#...
#........#
#...
#........#
#...
#........+
#...
#........#
#...
+........#
#...
#........
###' ###
###.


You could see an ogre.

Vanquished Creatures
  4 adders (D:2)
  3 worms
  8 bats
  8 goblins
  6 hobgoblins
  6 jackals
  8 kobolds
  7 giant cockroaches
  2 giant geckos
  A giant newt (D:1)
  5 rats
58 creatures vanquished.

Vanquished Creatures (others)
  A giant cockroach (D:1)
1 creature vanquished.

Grand Total: 59 creatures vanquished

Notes
Turn   | Place    | Note
--------------------------------------------------------------
     0 | D:1      | Kae, the Tengu Fire Elementalist, began the quest for the Orb.
     0 | D:1      | Reached XP level 1. HP: 10/10 MP: 3/3
   668 | D:1      | Reached XP level 2. HP: 13/15 MP: 5/5
  1242 | D:1      | Reached XP level 3. HP: 19/19 MP: 7/7
  1244 | D:1      | Found a glowing golden altar of the Shining One.
  1857 | D:2      | Reached skill level 4 in Fire Magic
  1949 | D:2      | Reached XP level 4. HP: 10/24 MP: 1/9
  2974 | D:3      | Found a white marble altar of Elyvilon.
  3214 | D:3      | Noticed an ogre
  3219 | D:3      | Mangled by an ogre

Action                   |  1- 3 |  4- 6 || total
-------------------------+-------+-------++-------
Melee: Unarmed           |    58 |    24 ||    82
 Cast: Flame Tongue      |    36 |    47 ||    83
  Use: Potion            |     1 |       ||     1
       Scroll            |       |     2 ||     2
 Stab: Sleeping          |       |     1 ||     1
